 Dungeon Crawl Stone Soup version 0.19.1 (webtiles) character file.

54 Bekkur the Stinger (level 3, -5/24 HPs)
             Began as a Demonspawn Venom Mage on Dec 6, 2016.
             Slain by a gnoll
             ... wielding a +0 halberd
              (6 damage)
             ... on level 2 of the Dungeon.
             The game lasted 00:05:24 (1830 turns).

Bekkur the Stinger (Demonspawn Venom Mage)          Turns: 1830, Time: 00:05:25

Health: -5/24      AC:  3    Str:  8    XL:     3   Next: 66%
Magic:  3/6        EV: 12    Int: 17    God:
Gold:   49         SH:  0    Dex: 13    Spells: 1 memorised, 5 levels left

rFire  . . .     SeeInvis .     m - +3 dagger (venom)
rCold  . . .     Gourm    .     a - +0 robe
rNeg   . . .     Faith    .     (no shield)
rPois  .         Spirit   .     (no helmet)
rElec  .         Reflect  .     (no cloak)
rCorr  .         Harm     .     g - +0 pair of gloves
MR     +....                    (no boots)
Stlth  ++........               (no amulet)
                                (no ring)
                                l - ring of protection from magic

@: hasted, very quick
A: hooves 1, spiny 1
a: no special abilities


You were on level 2 of the Dungeon.
You were not hungry.

You visited 1 branch of the dungeon, and saw 2 of its levels.

You collected 49 gold pieces.

Inventory:

Hand Weapons
 h - a +0 club
 j - a +0 spear
 m - a +3 dagger of venom (weapon)
Missiles
 f - 16 stones (quivered)
Armour
 a - a +0 robe (worn)
 g - a +0 pair of gloves (worn)
Jewellery
 l - a ring of protection from magic (left hand)
Scrolls
 d - 2 scrolls of identify {unknown}
 i - a scroll of remove curse {unknown}
 k - a scroll of noise {unknown}
 p - a scroll of magic mapping {unknown}
Potions
 o - a potion of might
Books
 b - a Young Poisoner's Handbook

   Spells                             Type                      Level
   a - Sting                          Conjuration/Poison           1
   b - Mephitic Cloud                 Conjuration/Poison/Air       3
   c - Olgreb's Toxic Radiance        Poison                       4
   d - Alistair's Intoxication        Transmutation/Poison         5
   e - Venom Bolt                     Conjuration/Poison           5
Comestibles
 c - 2 bread rations
 n - a meat ration
 q - 3 chunks of flesh


   Skills:
 - Level 1.7 Dodging
 - Level 1.7 Stealth
 - Level 2.0 Spellcasting
 + Level 5.4 Poison Magic


You had 5 spell levels left.
You knew the following spells:

 Your Spells              Type           Power        Failure   Level  Hunger
a - Sting                 Conj/Pois      ##..         10%         1    #......


Dungeon Overview and Level Annotations

Branches:
Dungeon (2/15)

Altars:
Fedhas


Innate Abilities, Weirdness & Mutations

You have large cloven feet.
You are partially covered in sharp spines.


Message History

The gnoll barely misses you.
You barely miss the gnoll.
The gnoll is heavily wounded.
The gnoll misses you. The gnoll hits you with a spear!
* * * LOW HITPOINT WARNING * * *
You kill the gnoll!
Casting: Sting
Confirm with . or Enter, or press ? or * to list all spells.
Aiming: Sting
Press: ? - help, Shift-Dir - straight line, f/p - gnoll
Aim: a gnoll, wielding a halberd and wearing a robe The sting hits the gnoll.
The gnoll appears unharmed.
Okay, then.
The gnoll misses you.
You hit the gnoll.
The gnoll is poisoned.
You kick the gnoll, but do no damage.
The gnoll is moderately wounded.
The gnoll hits you with a halberd!
* * * LOW HITPOINT WARNING * * *
You feel yourself speed up. The gnoll hits you with a halberd.
You die...

#.# #..####### #.#
#..# #.# #..# #.#
#..# #.# #..# #.#
#..# #.# #..#######
#.##########.........
#..g@........########
###########..........
#...........###
#.###.#####.# # #.#
#.# #.# # #.# #.#
#.### #.# #.### #.##.
#.# #...# #.##. #.#
###.# #....


You could see a gnoll.

Vanquished Creatures
  An adder (D:2)
  2 gnolls (D:2)
  A dart slug (D:1)
  A giant cockroach (D:2)
  4 goblins (D:1)
  2 hobgoblins (D:1)
  A quokka (D:2)
  5 bats
  A frilled lizard (D:2)
  2 kobolds
  4 rats (D:1)
24 creatures vanquished.

Notes
Turn   | Place    | Note
-------+----------+-------------------------------------------
     0 | D:1      | Bekkur the Demonspawn Venom Mage began the quest for the Orb.
     0 | D:1      | Reached XP level 1. HP: 13/13 MP: 3/3
   363 | D:1      | Gained mutation: You have large cloven feet. [demonic ancestry]
   363 | D:1      | Reached XP level 2. HP: 16/19 MP: 1/5
  1479 | D:2      | Found a blossoming altar of Fedhas.
  1496 | D:2      | Reached skill level 5 in Poison Magic
  1496 | D:2      | Gained mutation: You are partially covered in sharp spines. [demonic ancestry]
  1496 | D:2      | Reached XP level 3. HP: 3/24 MP: 3/6
  1829 | D:2      | HP: 1/24 [gnoll/halberd (7)]
  1830 | D:2      | Slain by a gnoll

Skill      XL: |  1  2 |
---------------+-------+-----
Poison Magic   | 5 |  5.4
Dodging        | |  1.7
Stealth        | |  1.7
Spellcasting   | |  2.0

Action                   || total
-------------------------++-------
Melee: Club              ||     7
       Spear             ||    18
       Dagger            ||    16
       Kick              ||     6
Throw: Stone             ||     5
 Cast: Sting             ||    33
  Use: Potion            ||     5
 Stab: Sleeping          ||     1
  Eat: Chunk             ||     3
Armor: Robe              ||     8
Dodge: Dodged            ||    26
